AoeStats
← HAKUNA MATATA

Black Forest

504758788Analyzed
4v4 RM · 26d ago on Sep 6, 2026· 55m 45s· 8 players
Game mode
Random Map
Map size
Large (8 player)
Population
200
Speed
Normal
Resources
Standard
Victory
Conquest
Starting age
Dark Age
Ending age
Imperial Age
RankedLock teamsTeams togetherTeam positionsShared explorationLock speedFull tech treeHidden civsTurbo modeCheats
Victory
Defeat
🇮🇳 Mongols · India
1649
+9
🇭🇰 Georgians · Hong Kong SAR China
1497
+15
🇦🇷 Bulgarians · Argentina
1408
+19
🇹🇷 Chinese · Türkiye
1330
+21
1496
-17
🇨🇳 Italians · China
1493
-17
🇮🇱 Malay · Israel
1454
-15
🇨🇳 Bengalis · China
1449
-15
LagiPup
11:15 Feudal Age
14:53 Castle Age
13:01 Horse Collar
13:32 Double-Bit Axe
15:54 Bow Saw
17:22 Wheelbarrow
23:08 Loom
23:51 Heavy Plow
24:49 Hand Cart
28:26 Imperial Age
26:15 Gold Mining
26:41 Fletching
27:12 Ballistics
28:37 Scale Barding Armor
28:43 Forging
28:34 Elite Monaspa
30:26 Bloodlines
30:17 Husbandry
29:38 Light Cavalry
30:55 Iron Casting
31:06 Svan Towers
31:24 Conscription
33:07 Hussar
34:08 Chain Barding Armor
33:54 Town Watch
34:41 Crop Rotation
36:11 Caravan
36:26 Pikeman
37:06 Squires
36:51 Arson
37:05 Halberdier
42:00 Scale Mail Armor
43:01 Blast Furnace
42:36 Plate Barding Armor
42:46 Chain Mail Armor
44:30 Coinage
45:43 Plate Mail Armor
47:16 Guilds
54:20 Aznauri Cavalry
Bear
0:32 Loom
13:57 Feudal Age
18:53 Castle Age
18:01 Double-Bit Axe
17:58 Horse Collar
27:12 Wheelbarrow
32:07 Imperial Age
31:11 Hand Cart
30:42 Town Watch
31:02 Heavy Plow
30:54 Gold Mining
31:28 Scale Mail Armor
31:39 Forging
31:39 Murder Holes
32:29 Chain Mail Armor
33:28 Plate Mail Armor
33:34 Iron Casting
32:20 Pikeman
33:02 Squires
32:48 Arson
33:11 Halberdier
35:36 Blast Furnace
34:27 Fletching
34:40 Gambesons
36:04 Bodkin Arrow
36:31 Bracer
37:05 Bagains
52:06 Caravan
NoisyBuoy
0:38 Loom
12:36 Feudal Age
14:52 Double-Bit Axe
20:44 Castle Age
19:34 Fletching
19:40 Stone Mining
22:04 Bow Saw
23:18 Fishing Lines
25:22 Fortified Wall
25:54 Gillnets
25:46 Horse Collar
28:51 Wheelbarrow
28:25 Gold Mining
33:09 Imperial Age
31:18 Fortified Wall
31:45 Bodkin Arrow
32:05 Masonry
33:05 Hand Cart
32:52 Heavy Plow
33:30 Onager
34:27 Nomads
35:22 Siege Engineers
35:57 Conscription
37:05 Drill
37:36 Town Watch
38:49 Gold Shaft Mining
38:57 Bracer
39:36 Caravan
41:59 Siege Onager
42:16 Elite Mangudai
42:58 Husbandry
43:09 Bloodlines
43:05 Thumb Ring
43:23 Capped Ram
44:19 Padded Archer Armor
45:12 Siege Ram
47:58 Hoardings
47:40 Leather Archer Armor
49:23 Parthian Tactics
51:51 Coinage
54:07 Chemistry
53:28 Ballistics
56:08 Banking
HAKUNA MATATA
0:48 Loom
0:54 Loom
12:29 Feudal Age
16:09 Castle Age
13:59 Horse Collar
15:02 Double-Bit Axe
17:30 Bow Saw
17:22 Heavy Plow
26:07 Wheelbarrow
28:42 Hand Cart
28:12 Town Watch
28:21 Gold Mining
28:21 Stone Mining
32:30 Imperial Age
30:35 Ballistics
30:19 Padded Archer Armor
30:10 Fletching
30:01 Pikeman
30:41 Squires
30:27 Arson
30:44 Scale Mail Armor
31:00 Leather Archer Armor
31:46 Bodkin Arrow
34:21 Chemistry
33:23 Bracer
33:54 Ring Archer Armor
34:14 Chain Mail Armor
34:10 Forging
33:27 Halberdier
35:16 Plate Mail Armor
34:54 Caravan
36:31 Iron Casting
36:31 Elite Chu Ko Nu
37:32 Conscription
42:33 Coinage
45:44 Banking
49:34 Blast Furnace
Wavelogic
11:21 Feudal Age
11:27 Loom
11:42 Double-Bit Axe
17:31 Castle Age
16:07 Gold Mining
16:03 Fishing Lines
19:36 Bow Saw
23:32 Gillnets
30:09 Imperial Age
28:52 Husbandry
28:58 Scale Barding Armor
29:30 Wheelbarrow
30:36 Chemistry
29:18 Horse Collar
31:23 Fletching
31:34 Padded Archer Armor
32:20 Hand Cart
32:38 Bodkin Arrow
32:23 Crossbowman
33:41 Capped Ram
33:45 Arbalester
34:27 Bracer
35:00 Conscription
36:09 Leather Archer Armor
36:08 Siege Engineers
36:44 Town Watch
38:22 Ballistics
38:27 Caravan
39:09 Gold Shaft Mining
38:24 Stone Mining
39:39 Bombard Tower
41:22 Thumb Ring
42:30 Masonry
47:29 Forging
46:51 Elite Skirmisher
47:21 Elite Karambit Warrior
48:48 Iron Casting
48:51 Elite Battle Elephant
50:51 Ring Archer Armor
51:21 Blast Furnace
53:37 Light Cavalry
十字。
0:49 Loom
10:28 Feudal Age
10:51 Man-at-Arms
12:03 Arson
18:30 Fletching
24:35 Castle Age
22:21 Double-Bit Axe
24:32 Fishing Lines
25:15 Gillnets
25:58 Bow Saw
27:06 Wheelbarrow
34:21 Imperial Age
31:46 Gold Mining
31:46 Stone Mining
33:32 Ballistics
33:08 Murder Holes
33:23 Masonry
33:48 Bodkin Arrow
34:22 Hand Cart
33:52 Town Watch
34:09 Guard Tower
34:00 Treadmill Crane
36:06 Chemistry
35:11 Bracer
35:37 Padded Archer Armor
36:01 Guard Tower
35:53 Treadmill Crane
35:59 Arrowslits
36:45 Architecture
36:34 Horse Collar
37:33 Leather Archer Armor
39:15 Ring Archer Armor
40:09 Keep
40:10 Pirotechnia
40:21 Conscription
40:26 Silk Road
41:34 Caravan
52:10 Bombard Tower
52:20 Squires
52:21 Scale Mail Armor
53:38 Chain Mail Armor
53:34 Forging
口古口古嘎嘎
10:38 Feudal Age
11:06 Double-Bit Axe
11:29 Fishing Lines
19:30 Castle Age
20:07 Wheelbarrow
21:08 Bow Saw
21:28 Gillnets
22:03 Gold Mining
22:33 Stone Mining
24:49 Gold Shaft Mining
27:44 Imperial Age
26:09 Hand Cart
26:21 Hand Cart
26:41 Scale Mail Armor
26:44 Horse Collar
27:45 Stone Shaft Mining
27:20 Scale Barding Armor
27:55 Grand Trunk Road
28:27 Bloodlines
28:36 Forging
28:14 Loom
28:25 Heavy Camel Rider
30:10 Chain Barding Armor
29:53 Husbandry
30:17 Conscription
30:32 Heavy Plow
31:48 Plate Barding Armor
31:52 Iron Casting
31:33 Imperial Camel Rider
34:57 Chemistry
35:12 Blast Furnace
33:37 Light Cavalry
34:08 Onager
35:16 Elite Ghulam
36:42 Hussar
39:01 Siege Engineers
39:14 Town Watch
42:27 Chain Mail Armor
42:38 Caravan
45:03 Fletching
45:36 Ballistics
45:28 Masonry
45:14 Murder Holes
48:48 Hoardings
48:17 Bodkin Arrow
50:53 Padded Archer Armor
51:41 Bracer
51:57 Leather Archer Armor
52:58 Shatagni
54:59 Ring Archer Armor
王德发
1:10 Loom
12:11 Feudal Age
17:21 Castle Age
15:56 Double-Bit Axe
16:30 Stone Mining
16:35 Gold Mining
19:53 Wheelbarrow
19:10 Fishing Lines
25:49 Fletching
26:35 Bodkin Arrow
30:33 Imperial Age
29:41 Hand Cart
29:11 Town Watch
30:22 Scale Barding Armor
30:27 Forging
30:48 Husbandry
30:59 Bloodlines
31:40 Gold Shaft Mining
31:52 Conscription
31:34 Siege Elephant
32:06 Horse Collar
33:08 Iron Casting
34:07 Siege Engineers
35:03 Chemistry
35:40 Ballistics
35:07 Elite Battle Elephant
36:48 Blast Furnace
36:46 Chain Barding Armor
37:32 Mahayana
37:19 Paiks
38:29 Pikeman
39:09 Squires
40:12 Plate Barding Armor
40:06 Caravan
41:38 Light Cavalry
46:07 Bracer
47:54 Scale Mail Armor
47:55 Padded Archer Armor
49:07 Chain Mail Armor
49:19 Halberdier
51:38 Gambesons
52:22 Arson
52:18 Elite Ratha (Ranged)
53:24 Bow Saw
53:44 Fortified Wall
53:45 Masonry
Connection lost

Rejoining the realm…

Still unreachable

The connection could not be restored.

Session expired

The server has moved on; the page needs a fresh start.